 Dungeon Crawl Stone Soup version 0.31.0-32-g396128a36d (webtiles) character file.

Game seed: 9424291319305942137

8311 monsoonserge the Grappler (level 11, -8/84 HPs)
             Began as a Gnoll Shapeshifter on Mar 10, 2024.
             Was the Champion of Cheibriados.
             Mangled by an orc knight
             ... wielding a +0 glaive
              (41 damage)
             ... in a bailey.
             The game lasted 00:18:42 (6380 turns).

monsoonserge the Grappler (Gnoll Shapeshifter)      Turns: 6380, Time: 00:18:43

Health: -8/84      AC: 10    Str: 37    XL:     11   Next: 28%
Magic:  19/20      EV: 16    Int: 26    God:    Cheibriados [******]
Gold:   417        SH:  7    Dex: 27    Spells: 21/23 levels left

rFire   . . .        n - +16 obsidian axe {drain, demonic, Mesm ^Drain Fly SInv}
rCold   . . .        g - +0 buckler
rNeg    . . .        p - +0 chain mail
rPois   +            (helmet currently unavailable)
rElec   .            (cloak currently unavailable)
rCorr   .            (gloves currently unavailable)
SInv    +            (boots currently unavailable)
Will    .....        (no amulet)
Stlth   +            i - ring of poison resistance
HPRegen 0.34/turn    N - +6 ring of strength
MPRegen 0.17/turn

%: no passive effects
@: beast-form, flying, mesmerised, very slow
A: beast (slay +4), fangs 1, strong nose, distributed training
a: Begin Untransformation, Renounce Religion, Bend Time, Temporal Distortion,
Slouch, Step From Time


You were in a bailey.
You worshipped Cheibriados.
Cheibriados was exalted by your worship.
You were a hulking beast.
You visited 2 branches of the dungeon, and saw 9 of its levels.
You also visited: Sewer and Bailey.

You collected 417 gold pieces.

Inventory:

Hand Weapons
 n - the +16 obsidian axe (weapon) {drain, demonic, Mesm ^Drain Fly SInv}
   (You found it on level 2 of the Dungeon)

   Mesm:      Its wielder is mesmerised by any visible foes, and it cannot be
   unequipped while any foes are visible.
   SInv:      It lets you see invisible.
   Fly:       It grants you flight.
   ^Drain:    It drains your maximum health when unequipped.
Missiles
 o - 4 throwing nets
 H - 5 boomerangs
 I - 5 poisoned darts (quivered)
 M - a curare-tipped dart
Armour
 a - a +0 animal skin
 f - a +0 leather armour
 g - a +0 buckler (worn)
 p - a +0 chain mail (worn)
 t - a +0 ring mail
 O - a +0 plate armour
Magical Staves
 e - a staff of fire
Jewellery
 i - a ring of poison resistance (left hand)
 J - a ring of wizardry
 N - a +6 ring of strength (right hand)
Talismans
 c - a beast talisman
 d - a flux talisman
 K - a serpent talisman
Wands
 x - a wand of iceblast (6)
Scrolls
 j - a scroll of brand weapon {unknown}
 k - 3 scrolls of fear {unknown}
 r - 4 scrolls of identify {unknown}
 s - 5 scrolls of amnesia {unknown}
 u - 3 scrolls of teleportation {unknown}
 v - 3 scrolls of fog {unknown}
 y - 4 scrolls of enchant weapon {unknown}
 z - 3 scrolls of blinking {unknown}
 A - a scroll of noise {unknown}
 C - a scroll of silence {unknown}
 F - a scroll of poison {unknown}
Potions
 b - a potion of lignification
 h - 4 potions of heal wounds
 l - a potion of cancellation {unknown}
 m - 2 potions of curing {unknown}
 q - a potion of attraction {unknown}
 w - a potion of degeneration {unknown}
 B - 4 potions of might {unknown}
 D - a potion of invisibility {unknown}
 E - a potion of berserk rage {unknown}
 G - a potion of haste {unknown}
 L - 2 potions of enlightenment {unknown}


   Skills:
 + Level 7.1 Fighting
 + Level 6.5 Short Blades
 + Level 6.5 Long Blades
 + Level 6.5 Axes
 + Level 6.5 Maces & Flails
 + Level 6.5 Polearms
 + Level 6.5 Staves
 + Level 6.5 Ranged Weapons
 + Level 6.5 Throwing
 + Level 6.5 Armour
 + Level 8.1 Dodging
 + Level 6.5 Stealth
 + Level 6.5 Shields
 + Level 9.3 Unarmed Combat
 + Level 6.5 Spellcasting
 + Level 5.4 Conjurations
 + Level 5.4 Hexes
 + Level 5.4 Summonings
 + Level 5.4 Necromancy
 + Level 5.4 Translocations
 + Level 5.4 Fire Magic
 + Level 5.4 Ice Magic
 + Level 5.4 Air Magic
 + Level 5.4 Earth Magic
 + Level 5.4 Alchemy
 + Level 7.2 Invocations
 + Level 6.5 Evocations
 + Level 9.0 Shapeshifting


You had 21 spell levels left.
You knew the following spells:

 Your Spells              Type           Power      Damage    Failure   Level
a - Blink                 Tloc           72%        N/A       3%          2

Your spell library contained the following spells:

 Spells                   Type           Power      Damage    Failure   Level
 Magic Dart               Conj           100%       1d8       2%          1
 Slow                     Hex            100%       N/A       2%          1
 Sting                    Conj/Alch      100%       1d9       2%          1
 Call Imp                 Summ           72%        N/A       3%          2
 Mercury Vapours          Alch/Air       72%        N/A       3%          2
 Confusing Touch          Hex            36%        N/A       7%          3
 Hailstorm                Conj/Ice       36%        3d9       7%          3
 Sigil of Binding         Hex            36%        N/A       7%          3
 Summon Ice Beast         Ice/Summ       36%        N/A       7%          3
 Vampiric Draining        Necr           36%        2d8       7%          3
 Olgreb's Toxic Radiance  Alch           36%        N/A       22%         4
 Sculpt Simulacrum        Ice/Alch       18%        N/A       98%         6


Dungeon Overview and Level Annotations

Branches:
Dungeon (8/15)             Temple (1/1) D:5           Sewer (visited)
 Bailey (1/1)
   Lair: D:8-11

Altars:
Ashenzari
Cheibriados
Dithmenos
Elyvilon
Fedhas
Gozag
Kikubaaqudgha
Makhleb
Nemelex Xobeh
Qazlal
Ru
Sif Muna
Uskayaw
Vehumet
Wu Jian
Xom
Yredelemnul
The Shining One


Innate Abilities, Weirdness & Mutations

You are a hulking beast.
Your limbs bulge with bestial killing power. (Slay +4)
You have very sharp teeth.
Your uncanny sense of smell can sniff out nearby items.
Your experience applies equally to all skills.


Message History

Your Translocations skill increases to level 5!
Your Fire Magic skill increases to level 5!
Your Ice Magic skill increases to level 5!
Your Air Magic skill increases to level 5!
Your Earth Magic skill increases to level 5!
Your Alchemy skill increases to level 5!
Your Invocations skill gained 2 levels and is now at level 7!
Your Evocations skill increases to level 6!
Your Shapeshifting skill increases to level 9!
You have reached level 11!
You reach down and open the door. 2 orcs and 2 orc knights come into view.
Visions of slaying the orc knight flood into your mind.
The orc knight shouts! x2
The orc knight roars a battlecry!
The orcs go into a battle-frenzy!
Found a manual of Shields and a glowing executioner's axe.
Found a roughly hewn altar of Beogh.
Aiming: Iceblast
Press: ? - help, Shift-Dir - straight line, f - orc knight
Aim: an orc knight, wielding a +0 glaive and wearing a +0 ring mail (strong)
The mass of ice explodes!
The iceblast engulfs the orc knight!
The orc knight is lightly wounded.
The iceblast engulfs the orc knight!!
The orc knight is moderately wounded.
The iceblast engulfs the orc!!
You kill the orc!
Cheibriados appreciates the change of pace.
The orc knight hits you from afar with a +0 glaive!
The orc misses you. You block the orc knight's attack.
Unknown command.
Press: ? - help, v - describe, . - travel
Here: an orc, wielding a +0 spear and wearing a +0 chain mail (strong)
The floor.
Okay, then.
The orc knight roars a battlecry!
The orc knight goes into a battle-frenzy!
The orc completely misses you.
The orc knight hits you with a +0 glaive!!! x2
You die...

...≈≈.≈≈≈...#########...≈≈≈)≈≈...
...........##.......##......)....
..........##..#'#'#..##..........
..........#..##)#.##..#..........
.........##.#########.##.........
.........##.')#).:#)'.##.........
.........##.###._.###.##.........
.........##.'.#ooo#)'.##.........
.........##.####h####.##.........
..........#..##∩.∩##..##.........
..........##..#'''##.............
...........##.....##............
...≈≈.≈≈≈...##....##....≈≈≈.≈≈.
..≈≈#)##≈....#######....≈##.#≈ .
..≈##)∩#≈...............≈#∩.##≈..
..≈#....................)))).#≈..
..≈##.##≈...............≈##.##≈..


You could see 2 orc knights and an orc (strong).

Vanquished Creatures
  Grinder (D:3)
  Sigmund (D:5)
  A shadow (D:6)
  2 wyverns (D:7)
  Edmund (D:5)
  A water moccasin (D:7)
  8 orc warriors
  A crocodile (Sewer)
  A sky beast (D:8)
  2 ogres
  5 centaurs
  3 kobold brigands
  2 phantoms
  A weeping skull (D:7)
  A bullfrog (D:8)
  A gnoll sergeant (D:6)
  2 scorpions (D:6)
  A howler monkey (D:5)
  3 hounds
  An orc priest (D:3)
  A bombardier beetle (D:6)
  A jelly (D:7)
  Jessica (D:3)
  2 iguanas
  3 orc wizards
  2 sleepcaps
  12 gnolls
  8 adders
  A shadow imp (D:7)
  2 white imps
  2 ufetubi (D:6)
  A ribbon worm (D:3)
  A dart slug (D:1)
  28 orcs
  7 bats
  7 endoplasms
  A giant cockroach (D:1)
  4 goblins
  12 hobgoblins
  4 jackals (D:3)
  15 kobolds
  A quokka (D:3)
  10 ball pythons
  7 frilled lizards
  9 rats
  A spectral orc (D:7)
182 creatures vanquished.

Vanquished Creatures (collateral kills)
  Blork the orc (D:4)
  An orc priest (D:7)
  A sleepcap (D:6)
  2 iguanas
  A gnoll (D:7)
  2 river rats (D:4)
  A dart slug (D:2)
  5 orcs
  3 ball pythons
  2 endoplasms
  A goblin (D:2)
  3 kobolds (Sewer)
  2 rats
25 creatures vanquished.

Grand Total: 207 creatures vanquished

Notes
Turn   | Place    | Note
-------+----------+-------------------------------------------
     0 | D:1      | monsoonserge the Gnoll Shapeshifter began the quest for the
                  | Orb.
     0 | D:1      | Reached XP level 1. HP: 17/17 MP: 1/1
   167 | D:1      | Reached XP level 2. HP: 23/23 MP: 2/2
   670 | D:1      | Found a faded altar of an unknown god.
   683 | D:1      | Prayed at the altar of an unknown god.
   683 | D:1      | Became a worshipper of Cheibriados the Contemplative
   683 | D:1      | Reached * piety under Cheibriados
   808 | D:2      | Found the +16 obsidian axe {drain, demonic, Mesm ^Drain Fly
                  | SInv}
   816 | D:2      | Reached XP level 3. HP: 28/28 MP: 3/3
   881 | D:2      | Reached ** piety under Cheibriados
   882 | D:2      | Reached skill level 1 in Invocations
  1026 | D:2      | Reached skill level 1 in Short Blades
  1026 | D:2      | Reached skill level 1 in Long Blades
  1026 | D:2      | Reached skill level 1 in Axes
  1026 | D:2      | Reached skill level 1 in Maces & Flails
  1026 | D:2      | Reached skill level 1 in Polearms
  1026 | D:2      | Reached skill level 1 in Staves
  1026 | D:2      | Reached skill level 1 in Ranged Weapons
  1026 | D:2      | Reached skill level 1 in Throwing
  1026 | D:2      | Reached skill level 1 in Armour
  1026 | D:2      | Reached skill level 1 in Stealth
  1026 | D:2      | Reached skill level 1 in Shields
  1026 | D:2      | Reached skill level 1 in Spellcasting
  1026 | D:2      | Reached skill level 1 in Evocations
  1442 | D:3      | Reached XP level 4. HP: 34/34 MP: 5/5
  1595 | D:3      | Reached *** piety under Cheibriados
  1658 | D:3      | Noticed Jessica
  1661 | D:3      | Killed Jessica
  1662 | D:3      | Reached skill level 1 in Conjurations
  1662 | D:3      | Reached skill level 1 in Hexes
  1662 | D:3      | Reached skill level 1 in Summonings
  1662 | D:3      | Reached skill level 1 in Necromancy
  1662 | D:3      | Reached skill level 1 in Translocations
  1662 | D:3      | Reached skill level 1 in Fire Magic
  1662 | D:3      | Reached skill level 1 in Ice Magic
  1662 | D:3      | Reached skill level 1 in Air Magic
  1662 | D:3      | Reached skill level 1 in Earth Magic
  1662 | D:3      | Reached skill level 1 in Alchemy
  1714 | D:3      | Found a stormy altar of Qazlal.
  1718 | D:3      | Noticed Grinder
  1723 | D:3      | Paralysed by Grinder for 2 turns
  1725 | D:3      | Killed Grinder
  1726 | D:3      | Reached skill level 5 in Dodging
  1726 | D:3      | Reached XP level 5. HP: 26/41 MP: 5/8
  1726 | D:3      | Reached XP level 6. HP: 29/47 MP: 5/9
  2147 | D:4      | Found an ornate altar of the Wu Jian Council.
  2302 | D:4      | Found a shadowy altar of Dithmenos.
  2342 | D:4      | Noticed Blork the orc
  2346 | D:4      | Killed Blork the orc
  2347 | D:4      | Reached XP level 7. HP: 27/52 MP: 10/10
  2367 | D:4      | Found an opulent altar of Gozag.
  2393 | D:4      | Reached **** piety under Cheibriados
  2409 | D:4      | Found a glowing drain.
  2416 | Sewer    | Entered a sewer
  3290 | D:5      | Entered Level 5 of the Dungeon
  3298 | D:5      | Reached XP level 8. HP: 60/60 MP: 12/12
  3637 | D:5      | Noticed Sigmund
  3641 | D:5      | Killed Sigmund
  3644 | D:5      | Found a blossoming altar of Fedhas.
  3715 | D:5      | Found a staircase to the Ecumenical Temple.
  3724 | Temple   | Entered the Ecumenical Temple
  3821 | D:5      | Noticed Edmund
  3826 | D:5      | Killed Edmund
  4606 | D:6      | Reached ***** piety under Cheibriados
  4611 | D:6      | Reached XP level 9. HP: 60/66 MP: 14/14
  4682 | D:6      | Learned a level 2 spell: Blink
  4908 | D:6      | Reached skill level 5 in Fighting
  5359 | D:7      | Found a glowing golden altar of the Shining One.
  5481 | D:7      | Found a basalt altar of Yredelemnul.
  5532 | D:7      | Reached skill level 5 in Invocations
  5672 | D:7      | Reached skill level 5 in Short Blades
  5672 | D:7      | Reached skill level 5 in Long Blades
  5672 | D:7      | Reached skill level 5 in Axes
  5672 | D:7      | Reached skill level 5 in Maces & Flails
  5672 | D:7      | Reached skill level 5 in Polearms
  5672 | D:7      | Reached skill level 5 in Staves
  5672 | D:7      | Reached skill level 5 in Ranged Weapons
  5672 | D:7      | Reached skill level 5 in Throwing
  5672 | D:7      | Reached skill level 5 in Armour
  5672 | D:7      | Reached skill level 5 in Stealth
  5672 | D:7      | Reached skill level 5 in Shields
  5672 | D:7      | Reached skill level 5 in Spellcasting
  5672 | D:7      | Reached skill level 5 in Evocations
  5672 | D:7      | Reached XP level 10. HP: 76/76 MP: 17/17
  6147 | D:8      | Found a flagged portal.
  6156 | Bailey   | Entered a bailey
  6196 | Bailey   | Reached ****** piety under Cheibriados
  6377 | Bailey   | Reached skill level 5 in Conjurations
  6377 | Bailey   | Reached skill level 5 in Hexes
  6377 | Bailey   | Reached skill level 5 in Summonings
  6377 | Bailey   | Reached skill level 5 in Necromancy
  6377 | Bailey   | Reached skill level 5 in Translocations
  6377 | Bailey   | Reached skill level 5 in Fire Magic
  6377 | Bailey   | Reached skill level 5 in Ice Magic
  6377 | Bailey   | Reached skill level 5 in Air Magic
  6377 | Bailey   | Reached skill level 5 in Earth Magic
  6377 | Bailey   | Reached skill level 5 in Alchemy
  6377 | Bailey   | Reached XP level 11. HP: 84/84 MP: 18/20
  6378 | Bailey   | Noticed an orc knight
  6378 | Bailey   | Noticed an orc knight
  6380 | Bailey   | Mangled by an orc knight

Illustrated notes

Levels and vault maps discovered:
D:1:      dpeg_arrival_rooms_b, layout_basic, shapermc_ecumenical_altar_venn,
          serial_glass, glass_columns_c, glass_columns_a, roderic_roman_lattice,
          serial_park_tiny_2, minmay_misc_feat_room, minivault_26
D:2:      layout_rooms
D:3:      layout_loops_corners, mainiacjoe_overflow_six_doors_small,
          kennysheep_jessica_study, uniq_grinder
D:4:      layout_basic, lemuel_doored_altar, mainiacjoe_overflow_brackets,
          amcnicky_altar_gilded, portal_sewer_entry_c, uniq_blork_the_orc
D:5:      layout_layer_cave, mainiacjoe_overflow_catwalk,
          minmay_temple_entry_hall, uniq_sigmund, uniq_edmund
D:6:      minmay_clustersquares, layout_basic, serial_curves, eino_curves_03,
          eino_curves_04
D:7:      layout_loops_ring, mainiacjoe_overflow_small_starburst,
          yredelemnul_forgotten_temple_becter
D:8:      nicolae_cairo_tiling_large, layout_loops_corners, slow_altar_2,
          enter_bailey_8
Temple:   eino_temple_lava
Bailey:   bailey_polearm_2, bailey

Skill      XL: |  1  2  3  4  5  6  7  8  9 10 |
---------------+-------------------------------+-----
Invocations    | 1 2 3 4 5 7 |  7.2
Short Blades   | 1 2 3 5 6 |  6.5
Long Blades    | 1 2 3 5 6 |  6.5
Axes           | 1 2 3 5 6 |  6.5
Maces & Flails | 1 2 3 5 6 |  6.5
Polearms       | 1 2 3 5 6 |  6.5
Staves         | 1 2 3 5 6 |  6.5
Ranged Weapons | 1 2 3 5 6 |  6.5
Throwing       | 1 2 3 5 6 |  6.5
Armour         | 1 2 3 5 6 |  6.5
Stealth        | 1 2 3 5 6 |  6.5
Shields        | 1 2 3 5 6 |  6.5
Spellcasting   | 1 2 3 5 6 |  6.5
Evocations     | 1 2 3 5 6 |  6.5
Conjurations   | 1 2 3 4 5 |  5.4
Hexes          | 1 2 3 4 5 |  5.4
Summonings     | 1 2 3 4 5 |  5.4
Necromancy     | 1 2 3 4 5 |  5.4
Translocations | 1 2 3 4 5 |  5.4
Fire Magic     | 1 2 3 4 5 |  5.4
Ice Magic      | 1 2 3 4 5 |  5.4
Air Magic      | 1 2 3 4 5 |  5.4
Earth Magic    | 1 2 3 4 5 |  5.4
Alchemy        | 1 2 3 4 5 |  5.4
Fighting       | 3 4 5 7 |  7.1
Dodging        | 5 6 8 |  8.1
Unarmed Combat | 7 8 9 |  9.3
Shapeshifting  | 7 8 9 |  9.0

Action                     |  1- 3 |  4- 6 |  7- 9 | 10-12 || total
---------------------------+-------+-------+-------+-------++-------
  Melee: Unarmed           |    36 |       |       |       ||    36
         Bite              |     3 |     3 |     7 |     2 ||    15
         Broad axe         |    33 |    41 |   126 |    32 ||   232
   Cast: Blink             |       |       |     1 |       ||     1
  Evoke: Wand              |       |       |       |     1 ||     1
    Use: Potion            |       |       |     1 |     1 ||     2
   Stab: Sleeping          |     1 |       |       |       ||     1
         Distracted        |       |       |     1 |       ||     1
 Armour: Leather armour    |    10 |       |       |       ||    10
         Chain mail        |    26 |    23 |    92 |    25 ||   166
  Dodge: Dodged            |    35 |    23 |    76 |    37 ||   171
  Block: Buckler           |    17 |    12 |    50 |    21 ||   100
